 Dungeon Crawl Stone Soup version 0.31.0-1-g2c135a0 (webtiles) character file.

Game seed: 7900661443245472506

3326 Radamante the Carver (level 9, -6/79 HPs)
             Began as a Minotaur Fighter on Apr 14, 2024.
             Mangled by a human
             ... wielding a +2 heavy hand axe
              (14 damage)
             ... on level 7 of the Dungeon.
             The game lasted 00:11:14 (5495 turns).

Radamante the Carver (Minotaur Fighter)             Turns: 5495, Time: 00:11:15

Health: -6/79      AC: 13    Str: 25    XL:     9   Next: 71%
Magic:  8/8        EV: 11    Int:  5    God:
Gold:   176        SH:  5    Dex: 10    Spells: 8/8 levels left

rFire   . . .        a - +0 long sword
rCold   . . .        c - +0 buckler
rNeg    . . .        b - +0 scale mail
rPois   .            (helmet restricted)
rElec   .            (no cloak)
rCorr   .            k - +0 pair of gloves
SInv    .            (no boots)
Will    .....        (no amulet) Stlth
                     D - +4 ring of protection
HPRegen 0.33/turn    (no ring)
MPRegen 0.11/turn

%: no passive effects
@: no status effects
A: horns 2, retaliatory headbutt
a: no special abilities


You were on level 7 of the Dungeon.
You visited 2 branches of the dungeon, and saw 8 of its levels.
You also visited: Bailey.

You collected 241 gold pieces.
You spent 65 gold pieces at shops.

Inventory:

Hand Weapons
 a - a +0 long sword (weapon)
 z - a +5 flail
Missiles
 d - 5 boomerangs (quivered)
 e - 3 poisoned darts
Armour
 b - a +0 scale mail (worn)
 c - a +0 buckler (worn)
 k - a +0 pair of gloves (worn)
 A - a +2 leather armour of willpower
Jewellery
 C - a ring of magical power
 D - a +4 ring of protection (left hand)
Wands
 w - a wand of roots (11)
 B - a wand of polymorph (7)
Scrolls
 g - 2 scrolls of fear
 h - a scroll of enchant weapon
 o - 2 scrolls of enchant armour
 p - 2 scrolls of blinking
 q - 2 scrolls of teleportation
 s - a scroll of vulnerability
 t - a scroll of noise
 y - a scroll of butterflies {unknown}
 E - a scroll of fog {unknown}
Potions
 f - a potion of haste {unknown}
 i - 2 potions of heal wounds {unknown}
 j - a potion of lignification {unknown}
 l - 3 potions of enlightenment
 m - a potion of magic {unknown}
 n - 3 potions of attraction
 r - a potion of degeneration {unknown}
 v - a potion of brilliance {unknown}
 x - 2 potions of curing {unknown}


   Skills:
 + Level 7.6 Fighting
 + Level 10.3 Long Blades
 + Level 1.6 Throwing
 + Level 8.5 Armour
 + Level 4.5 Dodging
 + Level 1.2 Stealth
 + Level 6.7 Shields


You had 8 spell levels left.
You didn't know any spells.
Your spell library contained the following spells:

 Spells                   Type           Power      Damage    Failure   Level
 Magic Dart               Conj           0%         1d3       78%         1
 Sting                    Conj/Alch      0%         1d3       78%         1
 Mercury Vapours          Alch/Air       0%         N/A       89%         2
 Searing Ray              Conj           0%         2d4       89%         2
 Gell's Gravitas          Tloc           0%         N/A       98%         3
 Teleport Other           Tloc           0%         N/A       98%         3
 Fulminant Prism          Conj/Alch      0%         3d5       100%        4
 Olgreb's Toxic Radiance  Alch           0%         N/A       100%        4
 Vhi's Electric Charge    Tloc/Air       0%         N/A       100%        4
 Arcjolt                  Conj/Air       0%         1d10      100%        5
 Dispersal                Tloc           0%         N/A       100%        6
 Maxwell's Capacitive Co  Air            0%         ∞         100%        8


Dungeon Overview and Level Annotations

Branches:
Dungeon (7/15)             Temple (1/1) D:5          Bailey (visited)

Altars:
Ashenzari
Cheibriados
Elyvilon
Fedhas
Hepliaklqana
Kikubaaqudgha
Nemelex Xobeh
Okawaru
Ru
Trog
Wu Jian
Xom
Yredelemnul

Shops:
D:3 ?

Annotations:
D:6 Jeremiah


Innate Abilities, Weirdness & Mutations

You have a pair of horns on your head.
You reflexively headbutt those who attack you in melee.


Message History

The human is lightly wounded.
The grasping roots constrict the human.
The roots release their grip on the human.
The human barely misses you. You furiously retaliate!
You headbutt the human. You hit the human.
The human is moderately wounded.
The human closely misses you.
Aiming: Fastroot
Press: ? - help, Shift-Dir - straight line The roots erupt in riotous growth!
Roots grab the human.
The grasping roots constrict the human.
The human hits you with a +1 heavy hand axe.
* * * LOW HITPOINT WARNING * * *
The human closely misses you.
You hit the human.
The human is moderately wounded.
The grasping roots constrict the human.
The roots release their grip on the human.
The human hits you with a +1 heavy hand axe!
* * * LOW HITPOINT WARNING * * *
Unknown command.
The human attacks as it pursues you! The human closely misses you.
You block the bullfrog's attack.
The human hits you with a +1 heavy hand axe.
* * * LOW HITPOINT WARNING * * *
There is a gate leading back out of this place here.
The bullfrog barely misses you. The human closely misses you.
You furiously retaliate!
You headbutt the human! The bullfrog hits you.
* * * LOW HITPOINT WARNING * * *
Welcome back to the Dungeon!
You hear the hiss of flowing sand.
There is an entrance to an ossuary on this level.
Hurry and find it before the portal is buried!
The walls and floor vibrate strangely for a moment.
There is an empty arch of ancient stone here.
You closely miss the human.
You headbutt the human, but do no damage.
The human is severely wounded.
The human hits you with a +2 heavy hand axe!
You die...

#.# ...[.....# ##.#
.........##...#
.........#..#.#
......... #.# ~≈~....#
#.# #. #######~.#..#
#.# #.
#@F..>#~.#..###.##
##.~#pp...#~.....#..##
##..≈##)'÷##≈.#.#...##.
....~≈≈≈~≈≈≈~...###.#..
##.~~~≈~~~~~..## #....
#...........## #)...
#.###.####.## #)#.. ...
#....#..## #.#.# #.
####.##..####.#.#


You could see 2 humans and a bullfrog.

Vanquished Creatures
  Pikel (D:6)
  Sigmund (D:4)
  6 humans (Bailey)
  Edmund (D:4)
  3 orc warriors
  A black bear (D:5)
  A sky beast (D:6)
  A phantom (D:5)
  6 bullfrogs (Bailey)
  2 scorpions (D:5)
  A howler monkey (D:6)
  2 hounds
  5 orc priests
  A sleepcap (D:5)
  3 iguanas
  2 orc wizards (D:5)
  8 gnolls
  11 adders
  A white imp (D:6)
  A ribbon worm (D:2)
  23 orcs
  6 ball pythons
  3 bats
  10 endoplasms
  7 giant cockroaches
  13 goblins
  9 hobgoblins
  2 jackals (D:2)
  4 quokkas (D:1)
  3 frilled lizards
  8 kobolds
  2 rats (D:2)
148 creatures vanquished.

Notes
Turn   | Place    | Note
-------+----------+-------------------------------------------
     0 | D:1      | Radamante the Minotaur Fighter began the quest for the Orb.
     0 | D:1      | Reached XP level 1. HP: 19/19 MP: 0/0
   149 | D:1      | Reached XP level 2. HP: 9/27 MP: 1/1
   604 | D:2      | Reached skill level 3 in Long Blades
   604 | D:2      | Reached XP level 3. HP: 12/33 MP: 2/2
   721 | D:2      | Reached XP level 4. HP: 31/40 MP: 3/3
   852 | D:2      | Reached skill level 4 in Long Blades
   868 | D:2      | Identified the +8 ring mail of the Louse {Harm rC+ Str-4
                  | SInv}
   932 | D:2      | Reached skill level 1 in Dodging
  1295 | D:3      | Found Haploi's Magic Scroll Boutique.
  1305 | D:3      | Bought a scroll of identify for 26 gold pieces
  1305 | D:3      | Bought a scroll of teleportation for 39 gold pieces
  1518 | D:3      | Reached XP level 5. HP: 47/47 MP: 4/4
  1800 | D:3      | Reached skill level 5 in Long Blades
  2459 | D:4      | Found an iron altar of Okawaru.
  2598 | D:4      | Reached XP level 6. HP: 53/53 MP: 5/5
  2741 | D:4      | Noticed Edmund
  2756 | D:4      | Killed Edmund
  2757 | D:4      | Reached skill level 5 in Armour
  2760 | D:4      | Identified the +1 scythe of Typlog {heavy, Str-5 Dex+5}
  2870 | D:4      | Noticed Sigmund
  2891 | D:4      | Killed Sigmund
  2892 | D:4      | Reached skill level 5 in Fighting
  2892 | D:4      | Reached skill level 6 in Long Blades
  2892 | D:4      | Reached XP level 7. HP: 59/61 MP: 6/6
  3091 | D:5      | Entered Level 5 of the Dungeon
  3356 | D:5      | Found a staircase to the Ecumenical Temple.
  3373 | Temple   | Entered the Ecumenical Temple
  4088 | D:5      | Reached skill level 7 in Long Blades
  4180 | D:6      | Noticed Pikel
  4193 | D:6      | Killed Pikel
  4194 | D:6      | Reached skill level 8 in Long Blades
  4194 | D:6      | Reached skill level 5 in Shields
  4194 | D:6      | Reached XP level 8. HP: 56/70 MP: 7/7
  4198 | D:6      | Reached skill level 1 in Throwing
  4198 | D:6      | Reached skill level 1 in Stealth
  4279 | D:6      | Noticed Jeremiah
  5023 | D:7      | Found a flagged portal.
  5044 | Bailey   | Entered a bailey
  5070 | Bailey   | Reached skill level 9 in Long Blades
  5070 | Bailey   | Reached XP level 9. HP: 75/78 MP: 8/8
  5435 | Bailey   | Reached skill level 10 in Long Blades
  5495 | D:7      | Mangled by a human

Illustrated notes

Levels and vault maps discovered:
D:1:      dpeg_arrival_rooms_b, layout_rooms, serial_forest,
          infiniplex_forest_lined_2, infiniplex_forest_clump_diagonal,
          infiniplex_forest_lined_corner, infiniplex_forest_pool,
          infiniplex_forest_clump_large, infiniplex_forest_lined_room_2
D:2:      cheibrodos_pilgrimage, layout_rooms, guppyfry_early_lair_pool
D:3:      layout_loops_ring, serial_shops, shop
D:4:      layout_cave_pools, kennysheep_mini, hangedman_decor_growths,
          sigmund_edmund_badplayer
D:5:      layout_loops_ring, minmay_temple_entry_arrows
D:6:      layout_rooms, nicolae_uskayaw_suspiria, uniq_jeremiah, uniq_pikel
D:7:      layout_rooms, zin_scriptorium, nicolae_overflow_hidden_temple,
          mainiacjoe_ossuary_entry_dusty_tomb, enter_bailey_4
Temple:   hellmonk_temple_two_chambers

Skill      XL: |  1  2  3  4  5  6  7  8  9 |
---------------+----------------------------+-----
Fighting       | 4 5 6 7 |  7.6
Armour         | 4 5 7 8 |  8.5
Long Blades    | 3 4 5 6 8 9 10 | 10.3
Dodging        | 1 2 3 4 |  4.5
Shields        | 4 5 6 |  6.7
Throwing       | 1 |  1.6
Stealth        | 1 |  1.2

Action                     |  1- 3 |  4- 6 |  7- 9 || total
---------------------------+-------+-------+-------++-------
  Melee: Long sword        |    75 |   152 |   293 ||   520
         Headbutt          |     7 |    33 |    58 ||    98
  Throw: Dart              |       |       |     5 ||     5
         Boomerang         |       |       |     5 ||     5
  Evoke: Wand              |       |       |     2 ||     2
    Use: Scroll            |       |     7 |     2 ||     9
         Potion            |       |     1 |     1 ||     2
 Armour: Scale mail        |    63 |   104 |   236 ||   403
  Dodge: Dodged            |    45 |    81 |   163 ||   289
  Block: Buckler           |    19 |    40 |    78 ||   137
